 Dungeon Crawl Stone Soup version 0.30-a0-373-gd37427bb62 (webtiles) character file.

Game seed: 515738721279270508

220 sanka the Shooter (level 5, -3/39 HPs)
             Began as a Demigod Hexslinger on Nov 23, 2022.
             Slain by a scorpion (7 damage)
             ... on level 5 of the Dungeon.
             The game lasted 00:04:00 (3828 turns).

sanka the Shooter (Demigod Hexslinger)              Turns: 3828, Time: 00:04:01

Health: -3/39      AC:  2    Str: 11    XL:     5   Next: 37%
Magic:  9/9        EV: 12    Int: 15    God:
Gold:   118        SH:  0    Dex: 18    Spells: 5/6 levels left

rFire   . . .      SeeInvis .    a - +1 sling
rCold   . . .      Faith    .    (no shield)
rNeg    . . .      Spirit   .    c - +0 robe
rPois   .          Reflect  .    (no helmet)
rElec   .          Harm     .    (no cloak)
rCorr   .          Rampage  .    (no gloves)
Will    .....                    (no boots)
Stlth   ++........               (no amulet)
HPRegen 0.26/turn                (no ring)
MPRegen 0.11/turn                (no ring)

@: lethally poisoned (-3 -> -16)
A: high MP 1, forlorn, divine attributes
a: no special abilities


You were on level 5 of the Dungeon.
You visited 1 branch of the dungeon, and saw 5 of its levels.

You collected 118 gold pieces.


Innate Abilities, Weirdness & Mutations

You have an increased reservoir of magic. (+10% MP)
You shall have no god before yourself.
Your divine heritage dramatically boosts your attributes as you level up.


   Skills:
 - Level 0.8 Fighting
 + Level 5.4 Ranged Weapons
 - Level 1.7 Dodging
 - Level 1.0 Spellcasting
 - Level 2.6 Hexes


You had 5 spell levels left.
You knew the following spells:

 Your Spells              Type           Power      Damage    Failure   Level
z - Slow                  Hex            32%        N/A       9%          1

Your spell library contained the following spells:

 Spells                   Type           Power      Damage    Failure   Level
 Dazzling Flash           Conj/Hex       8%         N/A       38%         3
 Inner Flame              Hex/Fire       4%         N/A       38%         3
 Portal Projectile        Hex/Tloc       8%         N/A       38%         3
 Ignite Poison            Fire/Tmut/Pois 0%         N/A       58%         3
 Kindle Blastsparks       Fire/Tloc/Air  0%         2d10      58%         3
 Cause Fear               Hex            4%         N/A       63%         4
 Iskenderun's Mystic Bla  Conj/Tloc      0%         2d3       94%         4
 Freezing Cloud           Conj/Ice/Air   0%         6-21      100%        5
 Starburst                Conj/Fire      0%         6d3       100%        6

Inventory:

Hand Weapons
 a - a +1 sling (weapon)
Missiles
 x - 2 throwing nets {=f}
Armour
 c - a +0 robe (worn)
 q - a +0 cloak
Scrolls
 b - 2 scrolls of poison {!r}
 d - 2 scrolls of noise {unknown}
 e - 5 scrolls of identify {unknown}
 g - a scroll of brand weapon {unknown}
 k - a scroll of enchant armour {unknown}
 l - 6 scrolls of teleportation {@r4}
 m - a scroll of immolation {unknown}
 n - a scroll of amnesia {unknown}
 r - 3 scrolls of blinking {unknown}
 s - a scroll of acquirement {unknown}
 t - 2 scrolls of butterflies {unknown}
 w - a scroll of vulnerability {unknown}
Potions
 f - 2 potions of lignification {unknown}
 h - a potion of heal wounds {unknown}
 i - a potion of might {unknown}
 j - 3 potions of degeneration {unknown}
 o - a potion of haste {unknown}
 p - a potion of mutation {unknown}
 u - a potion of curing {unknown}
 v - 2 potions of attraction {unknown}

Dungeon Overview and Level Annotations

Branches:
Dungeon (5/15)
 Temple: D:4-7

▒▒▒▒▒▒▒▒▒
.......▒
.......▒
▒▒▒▒..▒.▒▒▒▒▒▒▒▒
................
........<.......
.......p........
......s......)..
................
.£.....(........
................
.........▒.....▒
..!..).....▒▒▒.▒
▒▒▒▒▒......▒


You could see a scorpion.


Message History

The scorpion poisons you! The scorpion stings you!
You are more poisoned.
The scorpion poisons you!
You shoot a sling bullet. The sling bullet hits the scorpion!
The scorpion is severely wounded.
You feel very sick. The scorpion closely misses you.
You shoot a sling bullet.
The sling bullet hits the scorpion but does no damage.
The scorpion is severely wounded.
You feel very sick. The scorpion stings you!
* * * LOW HITPOINT WARNING * * *
You are lethally poisoned!
The scorpion poisons you!
Unknown command.
You shoot a sling bullet.
The sling bullet barely misses the scorpion.
* * * LOW HITPOINT WARNING * * *
You feel very sick.
The scorpion stings you but does no damage.
Unknown command.
You shoot a sling bullet.
The sling bullet completely misses the scorpion.
* * * LOW HITPOINT WARNING * * *
You feel very sick. The scorpion stings you!
You die...

Action                   |  1- 3 |  4- 6 || total
-------------------------+-------+-------++-------
 Fire: Sling             |   104 |   129 ||   233
 Cast: Slow              |       |     1 ||     1
  Use: Scroll            |       |     1 ||     1
Armor: Robe              |    12 |    11 ||    23
Dodge: Dodged            |    57 |    53 ||   110

Levels and vault maps discovered:
D:1:      tarquinn_simple_flora_water_e, layout_basic,
          dreamdust_ecumenical_altar_hidden_monk_grotto, minivault_24,
          nicolae_figureground_pulse
D:2:      layout_basic, kennysheep_generic_room_5
D:3:      layout_rooms
D:4:      layout_gridville, nicolae_overflow_hidden_temple
D:5:      layout_rooms, hangedman_minor_gate_pass

Notes
Turn   | Place    | Note
-------+----------+-------------------------------------------
     0 | D:1      | sanka the Demigod Hexslinger began the quest for the Orb.
     0 | D:1      | Reached XP level 1. HP: 15/15 MP: 4/4
    38 | D:1      | Reached skill level 2 in Ranged Weapons
   600 | D:2      | Reached XP level 2. HP: 22/22 MP: 5/5
   658 | D:2      | Reached skill level 3 in Ranged Weapons
   744 | D:2      | Reached XP level 3. HP: 11/27 MP: 6/6
  1262 | D:2      | Reached skill level 4 in Ranged Weapons
  1263 | D:2      | Reached XP level 4. HP: 34/34 MP: 8/8
  2295 | D:4      | Reached skill level 5 in Ranged Weapons
  2315 | D:4      | Reached XP level 5. HP: 24/39 MP: 9/9
  3742 | D:5      | Entered Level 5 of the Dungeon
  3828 | D:5      | Slain by a scorpion

Vanquished Creatures
  2 hounds
  3 gnolls (D:4)
  8 adders
  A worm (D:2)
  An orc (D:3)
  4 bats
  7 endoplasms
  6 giant cockroaches
  4 goblins
  2 hobgoblins
  4 jackals (D:2)
  3 quokkas
  6 ball pythons
  6 kobolds
  2 rats (D:3)
59 creatures vanquished.
